AoeStats
← damiansima

MegaRandom

509744157Analyzed
4v4 RM · 5d ago on Sep 27, 2026· 45m 28s· 8 players
Game mode
Random Map
Map size
Large (8 player)
Population
200
Speed
Normal
Resources
Standard
Victory
Conquest
Starting age
Dark Age
Ending age
Imperial Age
RankedLock teamsTeams togetherTeam positionsShared explorationLock speedFull tech treeHidden civsTurbo modeCheats
Victory
Defeat
🇦🇷 Japanese · Argentina
1124
+15
🇫🇷 Gurjaras · France
1115
+16
🇨🇳 Lithuanians · China
1110
+16
🇫🇷 Poles · France
1046
+18
🇺🇸 Persians · United States
1159
-18
🇨🇦 Ethiopians · Canada
1092
-16
🇺🇸 Franks · United States
1087
-16
🇺🇸 Celts · United States
1084
-15
小尚
10:32 Feudal Age
13:03 Double-Bit Axe
13:03 Horse Collar
14:19 Wheelbarrow
16:54 Castle Age
17:26 Bloodlines
19:32 Bow Saw
23:31 Loom
29:57 Imperial Age
27:48 Husbandry
28:11 Gold Mining
29:12 Hand Cart
29:26 Forging
29:23 Scale Barding Armor
30:56 Iron Casting
30:38 Stone Mining
30:37 Cavalier
32:36 Chain Barding Armor
34:18 Plate Barding Armor
34:49 Stone Shaft Mining
34:42 Paladin
39:06 Fletching
40:01 Town Watch
41:36 Elite Leitis
42:52 Hoardings
43:38 Bodkin Arrow
Blast
3:38 Loom
11:20 Feudal Age
13:22 Double-Bit Axe
19:45 Castle Age
19:41 Gold Mining
19:35 Horse Collar
21:41 Bow Saw
22:27 Wheelbarrow
25:47 Stone Mining
27:10 Forging
29:05 Bloodlines
30:59 Heavy Plow
31:43 Scale Barding Armor
34:38 Hand Cart
36:01 Husbandry
39:23 Imperial Age
39:05 Szlachta Privileges
39:45 Iron Casting
39:37 Cavalier
41:29 Crop Rotation
41:44 Conscription
44:28 Chain Barding Armor
45:09 Blast Furnace
45:26 Scale Mail Armor
damiansima
11:19 Loom
13:05 Feudal Age
11:23 Loom
13:15 Feudal Age
13:42 Man-at-Arms
14:09 Arson
14:48 Double-Bit Axe
14:44 Horse Collar
15:37 Forging
22:45 Castle Age
20:36 Fletching
22:26 Padded Archer Armor
23:44 Bloodlines
23:38 Husbandry
24:46 Bodkin Arrow
27:04 Thumb Ring
34:56 Leather Archer Armor
34:54 Bloodlines
41:14 Ballistics
41:49 Wheelbarrow
41:33 Town Watch
45:22 Imperial Age
43:16 Yasama
43:40 Caravan
44:11 Coinage
44:25 Guard Tower
45:46 Iron Casting
titete
3:21 Loom
10:10 Feudal Age
12:05 Double-Bit Axe
19:40 Castle Age
19:42 Bloodlines
19:44 Forging
22:21 Scale Barding Armor
23:27 Iron Casting
23:50 Chain Barding Armor
31:05 Wheelbarrow
32:28 Hand Cart
35:24 Imperial Age
37:05 Plate Barding Armor
35:52 Heavy Camel Rider
39:39 Husbandry
40:39 Onager
41:45 Conscription
41:02 Siege Elephant
42:26 Kshatriyas
44:34 Chemistry
You
12:19 Feudal Age
16:00 Castle Age
17:40 Forging
17:35 Scale Barding Armor
19:58 Wheelbarrow
25:37 Fishing Lines
27:48 Husbandry
28:27 Iron Casting
28:13 Chain Barding Armor
30:28 Gold Mining
30:28 Stone Mining
30:38 Gillnets
34:32 Imperial Age
32:18 Hand Cart
31:48 Loom
34:33 Cavalier
34:49 Cavalier
35:43 Pikeman
36:16 Paladin
38:26 Blast Furnace
38:02 Plate Barding Armor
37:27 Scale Mail Armor
36:49 Halberdier
37:59 Squires
41:44 Chain Mail Armor
WeatherOracle
11:56 Feudal Age
16:55 Castle Age
18:50 Double-Bit Axe
19:01 Horse Collar
24:09 Fervor
30:18 Gold Mining
31:52 Stone Mining
37:30 Imperial Age
38:27 Heavy Scorpion
39:45 Capped Ram
41:16 Bow Saw
Kinslayer
6:19 Loom
10:46 Feudal Age
22:11 Castle Age
22:12 Double-Bit Axe
24:35 Fishing Lines
25:46 Gillnets
26:36 Bow Saw
31:58 Medium Warships
33:23 Medium Warships
37:23 Wheelbarrow
36:37 Town Watch
37:02 Scale Barding Armor
37:10 Forging
39:51 Gold Mining
41:12 Bloodlines
41:04 Husbandry
44:27 Scale Barding Armor
45:06 Iron Casting
BananaslugBen
6:26 Loom
9:14 Feudal Age
10:03 Double-Bit Axe
17:05 Castle Age
15:51 Gold Mining
15:43 Horse Collar
18:27 Fishing Lines
18:46 Crossbowman
20:52 Gillnets
22:58 Wheelbarrow
22:40 Bow Saw
23:54 Fletching
25:42 Ballistics
27:28 Medium Warships
29:02 Bodkin Arrow
31:21 Hand Cart
32:22 Padded Archer Armor
35:40 Thumb Ring
42:18 Sanctity
Connection lost

Rejoining the realm…

Still unreachable

The connection could not be restored.

Session expired

The server has moved on; the page needs a fresh start.